 Dungeon Crawl Stone Soup version 0.28.0-43-g3370ac3207 (webtiles) character file.

Game seed: 1262189533752181009

6953 Eitelfritz the Basher (level 10, -4/91 HPs)
             Began as a Minotaur Gladiator on Mar 13, 2022.
             Slain by a death knight
             ... wielding a +3 broad axe
              (14 damage)
             ... on level 10 of the Dungeon.
             The game lasted 00:27:39 (12006 turns).

Eitelfritz the Basher (Minotaur Gladiator)         Turns: 12006, Time: 00:27:39

Health: -4/91      AC:  9    Str: 20    XL:     10   Next: 80%
Magic:  0/9        EV: 15    Int:  7    God:
Gold:   400        SH:  0    Dex: 13    Spells: 9/9 levels left

rFire   . . .      SeeInvis .   a - +0 dire flail
rCold   + . .      Faith    .   (shield currently unavailable)
rNeg    . . .      Spirit   +   E - +0 steam dragon scales
rPois   .          Reflect  .   c - +0 hat
rElec   .          Harm     .   (no cloak)
rCorr   .          Rampage  .   p - +2 pair of gloves
Will    +....                   (no boots)
Stlth   ++........              i - amulet of guardian spirit
HPRegen 0.25/turn               o - ring of protection from cold
MPRegen 0.11/turn               t - ring of willpower

@: hasted and slowed, studying Short Blades
A: horns 2, retaliatory headbutt
a: no special abilities


You were on level 10 of the Dungeon.
You visited 3 branches of the dungeon, and saw 12 of its levels.
You also visited: Sewer.

You collected 586 gold pieces.
You spent 186 gold pieces at shops.

Inventory:

Hand Weapons
 a - a +0 dire flail (weapon)
 b - a +0 shortbow
 m - a +2 whip of holy wrath
 C - a +1 morningstar
 L - the +4 whip "Veafih" {venom, Will+ rCorr Str+3}
   (You found it on level 4 of the Dungeon)

   It poisons the flesh of those it strikes.
   Str:       It affects your strength (+3).
   rCorr:     It protects you from acid and corrosion.
   Will:      It increases your willpower.
Missiles
 d - 3 throwing nets (quivered)
 u - 37 poisoned darts
 D - 225 arrows
 H - 6 boomerangs
Armour
 c - a +0 hat (worn)
 k - a +0 scale mail
 p - a +2 pair of gloves (worn)
 s - a +1 leather armour of fire resistance
 E - +0 steam dragon scales (worn)
 M - a +0 troll leather armour
Jewellery
 i - an amulet of guardian spirit (around neck)
 o - a ring of protection from cold (left hand)
 r - a ring of protection from cold
 t - a ring of willpower (right hand)
 K - an amulet of magic regeneration
Wands
 n - a wand of digging (12)
 y - a wand of flame (20)
 I - a wand of iceblast (6)
 N - a wand of mindburst (5)
Scrolls
 l - 5 scrolls of teleportation
 v - 2 scrolls of magic mapping
 G - a scroll of summoning
 J - 2 scrolls of blinking
Potions
 f - 3 potions of brilliance
 g - 3 potions of curing
 h - 2 potions of invisibility
 j - 3 potions of attraction
 q - a potion of lignification {unknown}
 w - 2 potions of magic
 x - a potion of might {unknown}
 z - a potion of haste
 A - a potion of resistance {unknown}
 B - a potion of mutation {unknown}
 F - a potion of berserk rage {unknown}


   Skills:
 + Level 9.0 Fighting
 + Level 12.8 Maces & Flails
 + Level 5.3 Bows
 + Level 2.4 Throwing
 + Level 5.2 Armour
 + Level 8.6 Dodging
 + Level 3.6 Stealth


You had 9 spell levels left.
You didn't know any spells.
Your spell library contained the following spells:

 Spells                   Type           Power      Damage    Failure   Level
 Apportation              Tloc           0%         N/A       43%         1
 Blink                    Tloc           0%         N/A       56%         2
 Dazzling Flash           Conj/Hex       0%         N/A       80%         3
 Gell's Gravitas          Tloc           0%         N/A       80%         3
 Lesser Beckoning         Tloc           0%         N/A       80%         3
 Teleport Other           Tloc           0%         N/A       80%         3
 Tukima's Dance           Hex            0%         N/A       80%         3
 Anguish                  Hex/Necr       0%         N/A       99%         4
 Passage of Golubria      Tloc           0%         N/A       99%         4
 Agony                    Necr           0%         N/A       100%        5
 Alistair's Intoxication  Tmut/Pois      0%         N/A       100%        5
 Manifold Assault         Tloc           0%         N/A       100%        5
 Silence                  Hex/Air        0%         N/A       100%        5
 Dispersal                Tloc           0%         N/A       100%        6
 Enfeeble                 Hex            0%         N/A       100%        7
 Lehudib's Crystal Spear  Conj/Erth      0%         10d2      100%        8


Dungeon Overview and Level Annotations

Branches:
Dungeon (10/15)            Temple (1/1) D:4            Lair (0/6) D:8
    Orc (1/2) D:9           Sewer (visited)

Altars:
Ashenzari
Cheibriados
Elyvilon
Fedhas
Gozag
Hepliaklqana
Makhleb
Qazlal
Ru
Sif Muna
Trog
Uskayaw
Vehumet
Xom
Yredelemnul
The Shining One

Shops:
D:3 (   D:6 !   D:9 ?

Annotations:
D:10 1 transporter


Innate Abilities, Weirdness & Mutations

You have a pair of horns on your head.
You reflexively headbutt those who attack you in melee.


Message History

You feel as though you will be slow longer.
You completely miss the wraith. You headbutt the wraith.
You destroy the wraith!
Your Fighting skill increases to level 9!
The death knight calls down the wrath of Yredelemnul upon you.
You resist with some effort.
Found a quarterstaff.
Found a stone staircase leading up.
The death knight invokes the aid of Yredelemnul against you.
You resist with some effort.
Found an escape hatch in the floor.
Found a helmet.
There is a stone staircase leading up here.
You feel yourself speed up.
The death knight invokes the aid of Yredelemnul against you.
You resist with some effort. The death knight barely misses you.
You closely miss the death knight.
You headbutt the death knight, but do no damage.
You puncture the death knight!
The death knight is lightly wounded.
The death knight hits you with a +3 broad axe!!
* * * LOW HITPOINT WARNING * * *
You closely miss the death knight.
The death knight is lightly wounded.
The death knight closely misses you. You furiously retaliate!
You headbutt the death knight.
You hit the death knight but do no damage.
The death knight is lightly wounded.
You closely miss the death knight.
You headbutt the death knight, but do no damage.
The death knight is lightly wounded.
The death knight calls down the wrath of Yredelemnul upon you.
You resist with some effort.
You hit the death knight.
The death knight is lightly wounded.
The death knight completely misses you.
You puncture the death knight!
The death knight is moderately wounded.
The death knight hits you with a +3 broad axe!
You die...

#. #..##....##. #.. #.#
#.†).#..# . #.. #.#
##..###.## #...
#.###..####.## ..[..
#.##.........## #....##
#.##...#####..##
.......##.##....§§......
.......#.....≈≈.≈≈≈≈≈§.#
#..@p....≈...§...≈.#
#.)....#.§.#####.≈.#
.........##.≈.....#.≈.#
##..........≈.#._.#.≈..
#..##....#..§.#.^...≈..
### ###..#..≈.#####.≈..
#.># .≈....§..≈.. .#...
§≈≈≈≈≈≈≈≈≈.# .#..
...§......


You could see a death knight.

Vanquished Creatures
  A two-headed ogre (D:9)
  A skeletal warrior (D:10)
  An ugly thing (D:10)
  Maggie (D:6)
  2 trolls
  A wyvern (D:9)
  2 wraiths (D:10)
  Eustachio (D:4)
  2 steam dragons
  2 water moccasins
  2 orc warriors
  2 sky beasts
  3 ice beasts
  4 centaurs
  An ogre (D:5)
  2 phantoms
  6 kobold brigands
  A gnoll sergeant (D:9)
  A scorpion (D:5)
  4 bullfrogs (D:8)
  2 wyvern skeletons
  A water moccasin skeleton (D:5)
  3 wights
  4 hounds
  A bullfrog zombie (D:7)
  2 centaur zombies (D:8)
  9 orc priests
  A centaur skeleton (D:6)
  A gnoll shaman (D:9)
  Jessica (D:2)
  2 bullfrog skeletons (D:5)
  6 iguanas
  8 orc wizards
  A killer bee zombie (D:8)
  A howler monkey zombie (D:7)
  A hound skeleton (D:4)
  15 adders
  9 gnolls (D:9)
  11 river rats
  3 ufetubi (D:4)
  A dart slug (D:1)
  3 worms
  27 orcs
  13 ball pythons
  3 bats
  4 endoplasms
  2 giant cockroaches
  6 goblins
  3 hobgoblins
  2 jackals (D:2)
  7 quokkas
  6 frilled lizards
  25 kobolds
  27 rats
  A spectral goblin (D:8)
252 creatures vanquished.

Vanquished Creatures (others)
  A kobold (D:4)
  A plant (Temple)
2 creatures vanquished.

Grand Total: 254 creatures vanquished

Notes
Turn   | Place    | Note
-------+----------+-------------------------------------------
     0 | D:1      | Eitelfritz the Minotaur Gladiator began the quest for the
                  | Orb.
     0 | D:1      | Reached XP level 1. HP: 18/18 MP: 0/0
   110 | D:1      | Reached XP level 2. HP: 21/25 MP: 1/1
   119 | D:1      | Reached skill level 4 in Maces & Flails
   848 | D:2      | Noticed Jessica
   853 | D:2      | Killed Jessica
   854 | D:2      | Reached XP level 3. HP: 30/30 MP: 2/2
   984 | D:2      | Reached skill level 1 in Armour
   984 | D:2      | Reached XP level 4. HP: 15/37 MP: 3/3
  1783 | D:2      | Found a faded altar of an unknown god.
  2283 | D:3      | Reached XP level 5. HP: 43/45 MP: 4/4
  2501 | D:3      | Found Zukhiunn's Antique Weapon Shop.
  2529 | D:3      | Bought a morningstar for 68 gold pieces
  2625 | D:3      | Reached skill level 5 in Maces & Flails
  3278 | D:4      | Reached XP level 6. HP: 36/51 MP: 3/5
  3408 | D:4      | Reached skill level 6 in Maces & Flails
  3419 | D:4      | Identified the +4 whip "Veafih" {venom, Will+ rCorr Str+3}
  3446 | D:4      | Found a staircase to the Ecumenical Temple.
  3461 | D:4      | Reached skill level 1 in Stealth
  3494 | D:4      | Noticed Eustachio
  3495 | D:4      | Noticed a steam dragon
  3508 | D:4      | Killed Eustachio
  3509 | D:4      | Reached XP level 7. HP: 41/59 MP: 3/6
  3512 | D:4      | Killed a steam dragon
  3513 | D:4      | Reached skill level 7 in Maces & Flails
  3783 | D:4      | Found a hide-covered altar of Uskayaw.
  3988 | Temple   | Entered the Ecumenical Temple
  4130 | D:5      | Entered Level 5 of the Dungeon
  4186 | D:5      | Reached skill level 8 in Maces & Flails
  4201 | D:5      | Reached skill level 5 in Fighting
  4201 | D:5      | Reached skill level 5 in Dodging
  4259 | D:5      | Found a glowing drain.
  4289 | Sewer    | Entered a sewer
  4392 | Sewer    | Reached XP level 8. HP: 60/68 MP: 4/7
  4568 | Sewer    | Reached skill level 9 in Maces & Flails
  5174 | D:5      | Found a blossoming altar of Fedhas.
  6230 | D:6      | Found a snail-covered altar of Cheibriados.
  6332 | D:6      | Reached skill level 10 in Maces & Flails
  6332 | D:6      | Reached skill level 1 in Bows
  6374 | D:6      | You fall into a shaft and drop 3 floors!
  6490 | D:8      | Found a staircase to the Lair.
  6557 | D:6      | Noticed Maggie
  6566 | D:6      | Killed Maggie
  6567 | D:6      | Reached XP level 9. HP: 28/75 MP: 2/8
  6821 | D:6      | Reached skill level 5 in Armour
  7617 | D:6      | Found Surese's Distillery.
  7620 | D:6      | Bought a potion of degeneration for 14 gold pieces
  8268 | D:7      | Reached skill level 11 in Maces & Flails
  8767 | D:7      | Identified the +6 battleaxe of Greed {venom, rF+}
  9475 | D:8      | Found a hazy altar of Hepliaklqana.
  9638 | D:9      | Noticed a troll
  9654 | D:9      | Killed a troll
  9655 | D:9      | Reached skill level 5 in Bows
  9655 | D:9      | Reached XP level 10. HP: 62/86 MP: 6/9
  9759 | D:9      | Found Ozot's Magic Scroll Shoppe.
  9773 | D:9      | Bought a scroll of identify for 22 gold pieces
  9773 | D:9      | Bought a scroll of blinking for 82 gold pieces
 10353 | D:9      | Found a staircase to the Orcish Mines.
 10444 | D:9      | Found a stormy altar of Qazlal.
 10670 | D:9      | Noticed a two-headed ogre
 10690 | D:9      | Killed a two-headed ogre
 10691 | D:9      | Reached skill level 12 in Maces & Flails
 10848 | D:10     | Entered Level 10 of the Dungeon
 10848 | D:10     | Noticed a death knight
 10848 | D:10     | Noticed a skeletal warrior
 10889 | D:10     | Found a transporter.
 11325 | Orc:1    | Entered Level 1 of the Orcish Mines
 11325 | Orc:1    | Noticed an orc high priest
 11325 | Orc:1    | Noticed an orc sorcerer
 11325 | Orc:1    | Noticed an orc sorcerer
 11329 | Orc:1    | Noticed an orange demon
 11449 | D:10     | Noticed a red ugly thing
 11841 | D:10     | Found a basalt altar of Yredelemnul.
 11870 | D:10     | Killed a red ugly thing
 11976 | D:10     | Killed a skeletal warrior
 12006 | D:10     | Slain by a death knight

Illustrated notes

Levels and vault maps discovered:
D:1:      minmay_arrival_doors, layout_rooms
D:2:      layout_loops_cross, shapermc_ecumenical_altar_mp_vishouse,
          kennysheep_generic_room_14, uniq_jessica
D:3:      layout_loops_corners, serial_shops, nicolae_lakefront_shop
D:4:      layout_rooms, nicolae_uskayaw_murder_on_the_dancefloor,
          minmay_temple_entry_mist, uniq_eustachio
D:5:      layout_basic, fedhas_ov_isle_minmay, portal_sewer_entry_b,
          minmay_misc_feat_roman
D:6:      lemuel_ratsnest, layout_cave_pods, old_standard_altar, serial_shops,
          nicolae_shop_window_shopping, grunt_decor_clamped, uniq_maggie
D:7:      layout_gridville, minmay_checkerbox
D:8:      layout_cave_pools, nicolae_hepliaklqana_monster_ancestors,
          lair_entry_dummy, minmay_strange_pillars, minmay_misc_feat_diagonals,
          grunt_ministairs_13
D:9:      layout_small_grid, grunt_qazlal_clouds, orc_0_dummy, serial_shops,
          shop
D:10:     gammafunk_cloud_chamber, layout_rooms, kennysheep_vampire_church,
          mainiacjoe_overflow_brackets, chequers_temple_overflow_minitemple,
          mainiacjoe_overflow_catwalk_spiral, minmay_misc_feat_columns
Temple:   cyrus_temple_forest
Orc:1:    layout_caves, serial_shops, nicolae_lakefront_shop, uniq_josephine

Skill      XL: |  1  2  3  4  5  6  7  8  9 10 |
---------------+-------------------------------+-----
Maces & Flails | 4 5 6 8 10 11 12 | 12.8
Dodging        | 4 5 6 8 |  8.6
Armour         | 1 2 3 4 5 |  5.2
Fighting       | 3 4 5 6 7 9 |  9.0
Stealth        | 1 2 3 |  3.6
Bows           | 2 5 |  5.3
Throwing       | |  2.4

Action                   |  1- 3 |  4- 6 |  7- 9 | 10-12 || total
-------------------------+-------+-------+-------+-------++-------
Melee: Flail             |    54 |    55 |       |       ||   109
       Headbutt          |     9 |    19 |    70 |    43 ||   141
       Morningstar       |       |    50 |     3 |       ||    53
       Whip              |       |    13 |   367 |    94 ||   474
       Punch             |       |       |     8 |       ||     8
       Dire flail        |       |       |       |    87 ||    87
 Fire: Shortbow          |       |       |    34 |     1 ||    35
  Use: Scroll            |       |     6 |     7 |     3 ||    16
       Potion            |       |       |       |     4 ||     4
 Stab: Distracted        |       |       |     1 |       ||     1
Armor: Leather armour    |    12 |    35 |    30 |       ||    77
       Steam dragon scal |       |       |    59 |    29 ||    88
Dodge: Dodged            |    41 |    79 |   203 |   106 ||   429
